[Event "*** SCC Grand Prix: Titled Tuesday Blitz"]
[Site "Chess.com"]
[Date "2020.07.21"]
[Round "7"]
[White "124chess"]
[Black "nikitakhoroshev"]
[Result "1-0"]
[WhiteElo "2692"]
[BlackElo "2539"]
[TimeControl "180+1"]
[EndTime "11:17:49 PDT"]
[Termination "124chess won by resignation"]

1. b3 a5 2. Bb2 a4 3. b4 e6 4. a3 Nf6 5. Nf3 d5 6. e3 c5 7.
bxc5 Bxc5 8. c4 Nc6 9. cxd5 exd5 10. Nc3 Qa5 11. Bb5 O-O 12. O-O Ne4 13. Be2 Be7 14. Nb5 Be6 15. Nbd4 Nxd4 16. Bxd4 Nc5 17. Bc3 Qd8 18.
Nd4 Bd7 19. Bb4 Ne4 20. Bxe7 Qxe7 21. Bf3 Rfc8 22. Bxe4 dxe4 23. Qb1 b5 24. Qb2 Rab8 25. Nc2 Qd6 26. Nb4 Be6 27. f3 Rd8 28. Rf2 f5 29. fxe4 fxe4 30. Raf1 Bc4 31. Rc1 Rf8 32. Rxf8+ Rxf8 33.
Qd4 Qxd4 34. exd4 Rd8 35. Kf2 Rxd4 36. Ke3 Rd6 37. Rc2 Re6 38. Rc1 Kf7 39. Nc2 Rd6 40.
Nd4 Bd3 41. Rc7+ Kg6 42. Rb7 Rd5 43. g4 h5 44. h3 hxg4 45. hxg4 Rg5 46. Kf4 Rd5 47. Nf5 Kf6 48. g5+ Kg6 49. Ne7+ 1-0

[Event "*** SCC Grand Prix: Titled Tuesday Blitz"]
[Site "Chess.com"]
[Date "2020.07.21"]
[Round "7"]
[White "nrvisakh"]
[Black "Sibelephant"]
[Result "0-1"]
[WhiteElo "2831"]
[BlackElo "3101"]
[TimeControl "180+1"]
[EndTime "11:17:50 PDT"]
[Termination "Sibelephant won by checkmate"]

1. c4 e5 2. g3 Nc6 3. Bg2 g6 4. Nc3 Bg7 5. Nf3 Nf6 6. O-O O-O 7. d4 exd4 8. Nxd4 Re8 9. Nxc6 dxc6 10. Qxd8 Rxd8 11.
Bf4 Be6 12. Bxc7 Rd7 13. Be5 Bxc4 14. Rfd1 Re7 15. Bd4 Bxe2 16. Re1 Rae8 17. Bxa7 Bc4 18. Rxe7 Rxe7 19. Rd1 Nd7 20. Bf1 Be6 21. Bd4 Bg4 22. Rd2 Bxd4 23. Rxd4 Ne5 24. Rd8+ Kg7 25. h3 Nf3+ 26. Kg2 Ne1+ 27. Kh2 Bf3 28. g4 g5 29.
Kg3 h5 30. gxh5 f5 31. h6+ Kxh6 32. Bc4 f4+ 33. Kh2 b5 34. Bf1 b4 35. Na4 Bd5 36. Rd6+ Kg7 37. Nc5 Nf3+ 38. Kg2 Re1 39. Bd3 Rg1# 0-1

[Event "*** SCC Grand Prix: Titled Tuesday Blitz"]
[Site "Chess.com"]
[Date "2020.07.21"]
[Round "7"]
[White "Fh2411"]
[Black "ErikRonka"]
[Result "1/2-1/2"]
[WhiteElo "2577"]
[BlackElo "2387"]
[TimeControl "180+1"]
[EndTime "11:17:50 PDT"]
[Termination "Game drawn by repetition"]

1. d4 d5 2. Nf3 Nf6 3. Bf4 c5 4.
e3 cxd4 5. exd4 Nc6 6. c3 Bf5 7. Nbd2 e6 8. Qb3 Qc8 9. Nh4 Be4 10. Nxe4 Nxe4 11. Nf3 Bd6 12. Bg3 Qc7 13. Bd3 f5 14. Bxe4 fxe4 15. Ng5 Nd8 16. Qb5+ Qd7 17. Qxd7+ Kxd7 18. f3 h6 19. Nh3 exf3 20. gxf3 Nc6 21. O-O Rhf8 22. Rae1 b5 23. a3 a5 24. Re3 b4 25.
Bxd6 Kxd6 26. axb4 axb4 27. Rfe1 Rae8 28. Nf2 bxc3 29. bxc3 e5 30. dxe5+ Rxe5 31. Kg2 Rg5+ 32.
Kf1 Ne5 33. Nh3 Rgf5 34. Ng1 Nxf3 35. Nxf3 Rxf3+ 36. Kg2 Rxe3 37. Rxe3 Rf7 38. Kg3 Kc5 39. h4 Kc4 40. h5 Rf5 41. Kg4 Rg5+ 42. Kh4 Rg1 43.
Rf3 Rh1+ 44. Kg4 Rg1+ 45. Kh4 Rg5 46. Re3 Kc5 47. Rd3 Kc4 48. Re3 1/2-1/2

[Event "*** SCC Grand Prix: Titled Tuesday Blitz"]
[Site "Chess.com"]
[Date "2020.07.21"]
[Round "7"]
[White "skiff134"]
[Black "Ramil_Faizrakhmanov"]
[Result "0-1"]
[WhiteElo "2520"]
[BlackElo "2784"]
[TimeControl "180+1"]
[EndTime "11:17:51 PDT"]
[Termination "Ramil_Faizrakhmanov won by resignation"]

1. d4 Nf6 2. c4 e6 3. Nc3 Bb4 4. a3 Bxc3+ 5. bxc3 c5 6. f3 Nc6 7. e4 d6 8. Be3 b6 9. Bd3 e5 10. d5 Na5 11. f4 exf4 12. Bxf4 O-O 13. Nf3 Re8 14.
O-O Bg4 15. h3 Bh5 16. Qc2 Bg6 17. Bg5 Qd7 18. Bxf6 gxf6 19. Rae1 Re7 20. Qd2 Kg7 21. Qf4 Rae8 22. Nh4 Re5 23. Qxf6+ Kg8 24. Nf5 Bxf5 25. exf5 Qe7 26. Qxe7 R8xe7 27. Rxe5 Rxe5 28. f6 Re3 29.
Bf5 Nxc4 30. Rf4 Ne5 31. Rh4 Ng6 32. Re4 Rxe4 33. Bxe4 Ne5 34. Kf2 Nd7 35. Bf5 Nxf6 36. c4 Kg7 37. Ke3 Ne8 38. Kf4 Nc7 39. Bc8 b5 40. cxb5 Nxb5 41. a4 Nc3 42. Kf3 Nxa4 43. Bb7 Nb6 44. Ke4 h6 45. Kd3 Kf6 46. g3 Ke5 47. g4 f6 48. h4 Nxd5 49. Kc4 Ne3+ 50. Kb5 Nxg4 51. Ka6 c4 52. Bc6 c3 53. Ba4 Ne3 54.
Kxa7 c2 55. Bxc2 Nxc2 56. Kb7 f5 57. Kc7 f4 58. Kd7 f3 0-1

[Event "*** SCC Grand Prix: Titled Tuesday Blitz"]
[Site "Chess.com"]
[Date "2020.07.21"]
[Round "7"]
[White "Trickov"]
[Black "BlackBoarder"]
[Result "1-0"]
[WhiteElo "2390"]
[BlackElo "2566"]
[TimeControl "180+1"]
[EndTime "11:17:51 PDT"]
[Termination "Trickov won by checkmate"]

1. d4 e6 2. Nf3 Nf6 3. g3 d5 4.
Bg2 a6 5. a4 Be7 6. c4 dxc4 7.
Nbd2 O-O 8. Nxc4 Nc6 9. O-O Nb4 10. Bd2 Ne4 11. Be1 Nd5 12. Nfe5 Nd6 13. e4 Nf6 14. Qd3 Nxc4 15. Nxc4 c5 16. d5 exd5 17. exd5 Re8 18. Bc3 Bf8 19. a5 Bd7 20. Rfe1 Bb5 21. Rxe8 Nxe8 22. b3 Nd6 23. Bb2 Qg5 24. Re1 h6 25. Qc3 Re8 26. Rxe8 Nxe8 27. h4 Qg6 28. Ne5 Qf5 29.
Nc4 Nd6 30. Nxd6 Qd7 31. Nxb5 axb5 32. Qe3 c4 33. bxc4 bxc4 34. Bc3 Qb5 35. Qd4 Qb3 36. d6 Bxd6 37. Qxg7# 1-0

[Event "*** SCC Grand Prix: Titled Tuesday Blitz"]
[Site "Chess.com"]
[Date "2020.07.21"]
[Round "7"]
[White "LuisFSiles"]
[Black "Flopezin"]
[Result "1/2-1/2"]
[WhiteElo "2327"]
[BlackElo "2136"]
[TimeControl "180+1"]
[EndTime "11:17:51 PDT"]
[Termination "Game drawn - insufficient material"]

1. e4 e5 2. Nf3 Nc6 3. Bc4 Nf6 4. d3 Bc5 5. c3 d6 6. O-O O-O 7. a4 a5 8. Be3 Bxe3 9. fxe3 Be6 10. Nbd2 Re8 11.
Qe1 Bxc4 12. Nxc4 d5 13. exd5 Qxd5 14. Qg3 Qxd3 15. Nfxe5 Nxe5 16. Nxe5 Qe4 17. Rxf6 Qxe5 18. Rf3 Qxg3 19. Rxg3 Rad8 20. Rf1 Rd2 21. Rgf3 f6 22. R1f2 Rd1+ 23. Rf1 Red8 24. Rf5 b6 25. Rb5 Kf7 26. Rxd1 Rxd1+ 27. Kf2 Ra1 28. b3 Rc1 29. b4 Rxc3 30. bxa5 Ra3 31. axb6 cxb6 32. Rxb6 Rxa4 33. h4 Rxh4 34. Kf3 Ra4 35. g3 g5 36. g4 Kg6 37.
Rb8 Ra7 38. Rg8+ Rg7 39. Rh8 Rf7 40. Rg8+ Rg7 41. Rh8 f5 42. Rf8 Rf7 43. Rg8+ Kf6 44. gxf5 Kxf5 45. e4+ Kf6 46. Kg4 Rg7 47. Rxg7 Kxg7 48.
Kxg5 Kf7 49. Kh6 Kf6 50. Kxh7 Ke6 51. Kg6 Ke5 52. Kg5 Kxe4 1/2-1/2

[Event "*** SCC Grand Prix: Titled Tuesday Blitz"]
[Site "Chess.com"]
[Date "2020.07.21"]
[Round "7"]
[White "ChessWarrior7197"]
[Black "Hikaru"]
[Result "1-0"]
[WhiteElo "2907"]
[BlackElo "3253"]
[TimeControl "180+1"]
[EndTime "11:17:52 PDT"]
[Termination "ChessWarrior7197 won by resignation"]

1. e4 e5 2. Nf3 Nc6 3. Bc4 Bc5 4. O-O Nf6 5. d4 Bxd4 6. Nxd4 Nxd4 7. Bg5 Ne6 8. Bh4 h6 9. Bxe6 dxe6 10. Qxd8+ Kxd8 11. f4 Ke8 12. Nc3 Bd7 13. fxe5 Ng4 14. Bg3 Ne3 15. Rf2 Bc6 16. b3 Ng4 17. Rf3 f6 18. exf6 Nxf6 19. Bxc7 Nxe4 20. Re1 Nxc3 21. Rxc3 Rf8 22.
Rce3 Kd7 23. Be5 Rf7 24. Rd3+ Ke8 25. Red1 Rc8 26. c4 b5 27. Rd6 Ke7 28. cxb5 Bxb5 29.
a4 Be8 30. Ra6 Kf8 31. Rf1 Rxf1+ 32. Kxf1 Rc1+ 33. Kf2 Rc2+ 34. Kg3 Bc6 35. Kf4 Bd5 36. b4 Rc4+ 37. Kg3 Rc2 38. Rxa7 g5 39. Kg4 Rxg2+ 40. Kh5 Re2 41. Bd6+ Kg8 42. b5 e5 43. b6 Rxh2+ 44.
Kg6 Rb2 45. a5 Be4+ 46. Kf6 g4 47. Bxe5 Rf2+ 48. Ke6 h5 49. b7 Bxb7 50. Rxb7 Ra2 51. Rb8+ Kh7 52. Kf7 Rf2+ 53. Bf6 Rxf6+ 54. Kxf6 g3 55.
Kg5 g2 56. Rb1 1-0

[Event "*** SCC Grand Prix: Titled Tuesday Blitz"]
[Site "Chess.com"]
[Date "2020.07.21"]
[Round "7"]
[White "alexsergeyev"]
[Black "talman67"]
[Result "0-1"]
[WhiteElo "2354"]
[BlackElo "2497"]
[TimeControl "180+1"]
[EndTime "11:17:52 PDT"]
[Termination "talman67 won on time"]

1. d4 Nf6 2. c4 e6 3. Nf3 d5 4.
Nc3 c5 5. cxd5 Nxd5 6. e4 Nxc3 7. bxc3 cxd4 8. cxd4 Bb4+ 9. Bd2 Bxd2+ 10. Qxd2 O-O 11. Be2 Nd7 12. O-O b6 13. Qe3 Bb7 14. Nd2 Rc8 15. Rfc1 Rxc1+ 16. Rxc1 Qb8 17. f3 Rc8 18.
Nc4 Qc7 19. Rc2 h6 20. Na3 Qd6 21. Rxc8+ Bxc8 22. Qc3 Bb7 23. Nb5 Qb8 24. Qa3 a6 25. Qe7 axb5 26. Qxd7 b4 27. Qe7 Qc8 28. Kf2 Ba6 29.
Bxa6 Qxa6 30. Qxb4 Qxa2+ 31. Kg3 Qa6 32. Qe7 Qa8 33.
Qc7 b5 34. Qb6 Qa4 35. Qb8+ Kh7 36. Qc7 Qxd4 37. Qxf7 Qe5+ 0-1

[Event "*** SCC Grand Prix: Titled Tuesday Blitz"]
[Site "Chess.com"]
[Date "2020.07.21"]
[Round "7"]
[White "Slovak_fighter2000"]
[Black "Kildepiotr"]
[Result "0-1"]
[WhiteElo "2455"]
[BlackElo "2620"]
[TimeControl "180+1"]
[EndTime "11:17:53 PDT"]
[Termination "Kildepiotr won on time"]

1. d4 c5 2. c3 Nf6 3. Nf3 d5 4. Bf4 Bf5 5. e3 Nbd7 6. Nbd2 e6 7. h3 Qb6 8. Qb3 c4 9. Qxb6 Nxb6 10. a3 Na4 11. Ra2 h6 12. Ke2 b5 13. g4 Bh7 14.
Ne5 Nd7 15. f3 f6 16. Nxd7 Kxd7 17. Kf2 Be7 18. Be2 a5 19. e4 Ra7 20. Re1 Re8 21. h4 Bd6 22. Bxd6 Kxd6 23. Bf1 e5 24.
dxe5+ Rxe5 25. exd5 Rxe1 26. Kxe1 Re7+ 27. Kf2 Kxd5 28.
Bg2 Kc5 29. Bf1 g5 30. hxg5 hxg5 31. Be2 Kd5 32. Nf1 Nc5 33. Ne3+ Kc6 34. a4 Bd3 35. axb5+ Kxb5 36. Bd1 Rd7 37. Ke1 Bg6 38. Ke2 Nd3 39. Ba4+ Kc5 40. Bxd7 Nc1+ 41. Kd2 Nxa2 42. Bf5 Bxf5 43.
gxf5 Kd6 44. Ng4 Kd5 45. Nxf6+ Ke5 46. Ne4 Kxf5 47. Kc2 Kf4 48. Kb1 Nxc3+ 0-1

[Event "*** SCC Grand Prix: Titled Tuesday Blitz"]
[Site "Chess.com"]
[Date "2020.07.21"]
[Round "7"]
[White "vladislavkovalev"]
[Black "Bulldog167"]
[Result "1-0"]
[WhiteElo "2907"]
[BlackElo "2748"]
[TimeControl "180+1"]
[EndTime "11:17:54 PDT"]
[Termination "vladislavkovalev won by resignation"]

1. e4 e6 2. d4 d5 3. Bd3 Nf6 4. e5 Nfd7 5. Ne2 c5 6. c3 Nc6 7. Be3 Be7 8. Nd2 a5 9. O-O a4 10. Nf3 a3 11. b3 cxd4 12. cxd4 Nb4 13. Nf4 Nxd3 14. Qxd3 h5 15. Rac1 Nb8 16. h4 Nc6 17. Ng5 Nb4 18. Qe2 g6 19. Nd3 Nxd3 20. Qxd3 Bd7 21.
Rc2 Rc8 22. Rfc1 Rxc2 23. Qxc2 O-O 24. Nf3 Bxh4 25. Nxh4 Qxh4 26. Qd2 Rc8 27. Rxc8+ Bxc8 28. Bg5 Qe4 29. Qa5 Kh7 30. Qc7 Qe1+ 31. Kh2 Qxf2 32. Qxc8 h4 33. Qc3 Qxa2 34. Bc1 g5 35. Qd3+ Kg8 36.
Qe3 Kf8 37. Qxg5 Qxb3 38. Qd8+ Kg7 39. Qxh4 a2 40. Bh6+ Kh7 41. Qf6 1-0

[Event "*** SCC Grand Prix: Titled Tuesday Blitz"]
[Site "Chess.com"]
[Date "2020.07.21"]
[Round "7"]
[White "Supernotar"]
[Black "Khazieva_Elza"]
[Result "1-0"]
[WhiteElo "2715"]
[BlackElo "2351"]
[TimeControl "180+1"]
[EndTime "11:17:54 PDT"]
[Termination "Supernotar won on time"]

1. d4 Nf6 2. c4 d6 3. Nc3 Bf5 4.
g3 c6 5. Bg2 h6 6. e4 Bh7 7. Nge2 Nbd7 8. O-O e5 9. f4 Be7 10.
Kh1 O-O 11. Be3 Re8 12. h3 Qc7 13. g4 exd4 14. Nxd4 Bf8 15. Nf5 Bxf5 16. gxf5 a6 17. Qf3 b5 18. cxb5 axb5 19. a3 Rab8 20. Rac1 b4 21. axb4 Rxb4 22. Qf2 Qb8 23. Rc2 Nb6 24. e5 Nfd5 25. Nxd5 Nxd5 26. Rxc6 Rxb2 27. Qg3 Nxe3 28. Qxe3 dxe5 29. Bd5 exf4 30. Qd3 Qb5 31. Qxb5 Rxb5 32.
Rd1 Rc5 33. Rxc5 Bxc5 34. Kg2 Re2+ 35. Kf3 Rf2+ 36. Ke4 Bd6 37. Rb1 Re2+ 38. Kd4 Be5+ 39. Kd3 Re3+ 40. Kd2 Kf8 41. Rb7 1-0

[Event "*** SCC Grand Prix: Titled Tuesday Blitz"]
[Site "Chess.com"]
[Date "2020.07.21"]
[Round "7"]
[White "CaspiIsrael"]
[Black "MasterKroket"]
[Result "1-0"]
[WhiteElo "2618"]
[BlackElo "2406"]
[TimeControl "180+1"]
[EndTime "11:17:55 PDT"]
[Termination "CaspiIsrael won on time"]

1. e4 c5 2. Nf3 e6 3. d4 cxd4 4.
Nxd4 Nc6 5. Nc3 Qc7 6. Be3 a6 7. Qd2 Nf6 8. f3 Bb4 9. O-O-O Ne5 10. Nb3 b5 11. Qe1 Be7 12. Qg3 d6 13. Qxg7 Rg8 14.
Qh6 Rg6 15. Qh3 Bd7 16. Kb1 Rc8 17. Rc1 b4 18. Nd1 a5 19. Nd2 a4 20. f4 Neg4 21. Bg1 Bc6 22. Bd3 e5 23. f5 Rh6 24. Qg3 a3 25. b3 d5 26. exd5 Bxd5 27. c4 bxc3 28. Rxc3 Qb8 29. h3 Rxc3 30. Nxc3 Bb4 31. Nxd5 Nxd5 32.
Qxg4 Qc7 33. Nc4 Qe7 34. Be3 Rc6 35. Rc1 Nxe3 36. Nxe3 Rxc1+ 37. Kxc1 Qc5+ 38. Nc2 Qg1+ 39. Qd1 Qxg2 40. Be2 Be7 41. Qd3 Qg1+ 42. Bd1 Bg5+ 43. Kb1 Kf8 44. Nxa3 Kg7 45. Nc4 e4 46. Qe2 e3 47. a4 Qg3 48. Qg4 1-0

[Event "*** SCC Grand Prix: Titled Tuesday Blitz"]
[Site "Chess.com"]
[Date "2020.07.21"]
[Round "7"]
[White "chigorin28"]
[Black "VALPARAISO37"]
[Result "1-0"]
[WhiteElo "2435"]
[BlackElo "2277"]
[TimeControl "180+1"]
[EndTime "11:17:55 PDT"]
[Termination "chigorin28 won by checkmate"]

1. e4 e5 2. Bc4 Nf6 3. d3 Nc6 4. Nf3 Bc5 5. O-O d6 6. Bb3 a6 7. c3 Ba7 8. Re1 h6 9. d4 O-O 10. h3 Re8 11. Bc2 Bd7 12. a4 b5 13. Be3 exd4 14.
cxd4 Nb4 15. axb5 Nxc2 16. Qxc2 axb5 17. Nbd2 Bb6 18. Rac1 Ra4 19. b3 Ra3 20. d5 Bxe3 21. Rxe3 Qa8 22. Qc3 Rc8 23. Ree1 c5 24. dxc6 Rxc6 25.
Qe3 Ra2 26. Rxc6 Bxc6 27. Nd4 Qa5 28. Nxc6 Qxd2 29. e5 dxe5 30. Qxd2 Rxd2 31. Rxe5 Rc2 32. Ne7+ Kf8 33. Nf5 h5 34. Rxb5 Rc1+ 35. Kh2 g6 36. Rb8+ Ne8 37. Nd6 Ke7 38. Nxe8 Rc2 39. Kg3 g5 40.
Kf3 f5 41. Ke3 g4 42. hxg4 fxg4 43. Ng7 h4 44. Nf5+ Kf6 45. Nxh4 Kg5 46. g3 Rc3+ 47. Kd2 Rc7 48. Ng2 Kf6 49. Ne3 Rd7+ 50. Ke2 Re7 51. Rb5 Re8 52. Kf1 Rg8 53. Rb4 Ke6 54. Rxg4 Rb8 55. b4 Rc8 56. Rf4 Ke5 57. Kg2 Rc3 58.
Kf3 Rb3 59. Re4+ Kf6 60. Rh4 Kg5 61. Rc4 Rb2 62. Rc5+ Kg6 63. b5 Rb3 64. g4 Rb4 65. Kg3 Rb3 66. Rc6+ Kh7 67. b6 Kg7 68. g5 Kh7 69. Kg4 Rd3 70. Nf5 Rb3 71. g6+ Kg8 72. Rc8# 1-0

[Event "*** SCC Grand Prix: Titled Tuesday Blitz"]
[Site "Chess.com"]
[Date "2020.07.21"]
[Round "7"]
[White "OparinGrigoriy"]
[Black "LyonBeast"]
[Result "0-1"]
[WhiteElo "2937"]
[BlackElo "3023"]
[TimeControl "180+1"]
[EndTime "11:17:56 PDT"]
[Termination "LyonBeast won by resignation"]

1. Nf3 d5 2. g3 Nf6 3. Bg2 g6 4. c4 c6 5. b3 Bg7 6. Bb2 O-O 7. O-O a5 8. Nc3 e6 9. d4 b6 10. Rc1 Bb7 11. e3 Nbd7 12. Qe2 Re8 13. Rfd1 Qe7 14. Ne5 Rec8 15. cxd5 exd5 16. f4 Ne8 17. Bh3 f5 18. g4 Nd6 19. Qg2 Kh8 20. Rc2 Nf6 21. Ba3 c5 22.
Na4 fxg4 23. Bxg4 Nxg4 24. Qxg4 Nf5 25. Qh3 Bxe5 26. dxe5 Qe6 27. Re1 Rc6 28. Rd2 Re8 29. Bb2 d4 30. e4 Ne3 31. Qxe6 Rcxe6 32. Rxe3 dxe3 33. Rd5 g5 34. f5 Bxd5 35. exd5 Rxe5 36. Kf1 Kg8 37. Bxe5 Rxe5 38. Nxb6 Rxf5+ 39. Ke2 Rf2+ 40. Kxe3 Rxa2 41. Nd7 Rxh2 42. Nxc5 Kf7 43. Ke4 g4 44. d6 Rd2 45. Ke5 g3 46. Ne4 Re2 0-1

[Event "*** SCC Grand Prix: Titled Tuesday Blitz"]
[Site "Chess.com"]
[Date "2020.07.21"]
[Round "7"]
[White "FontVella8"]
[Black "Volodar_Murzin"]
[Result "1/2-1/2"]
[WhiteElo "2593"]
[BlackElo "2705"]
[TimeControl "180+1"]
[EndTime "11:17:56 PDT"]
[Termination "Game drawn by repetition"]

1. b3 Nf6 2. Bb2 g6 3. g3 Bg7 4.
Bg2 O-O 5. Nf3 d6 6. O-O Nbd7 7. d3 e5 8. e4 c6 9. Nbd2 Qe7 10. a4 Ne8 11. Ba3 f5 12. Nc4 f4 13. d4 exd4 14. Nxd4 Ne5 15. Nxe5 Qxe5 16. c3 c5 17. gxf4 Qxf4 18. Ne2 Qh4 19. f4 Bg4 20. Qd5+ Kh8 21. Ng3 Bh3 22. Bxh3 Qxh3 23. e5 Nc7 24. Qxd6 Rac8 25.
Rad1 Rfe8 26. Qd7 Ne6 27. Qxb7 Rb8 28. Qd5 Bh6 29. Bc1 Qg4 30. f5 Bxc1 31. fxe6 Be3+ 32. Kg2 Qxe6 33. Qxe6 Rxe6 34. Rfe1 Bh6 35. Rd6 Re7 36. e6 Rxb3 37. Rd8+ Kg7 38. Rd7 Rb2+ 39. Kf3 Kf8 40. Rd8+ Kg7 41. Rd7 Kf8 42. Rd8+ Kg7 43. Rd7 1/2-1/2

[Event "*** SCC Grand Prix: Titled Tuesday Blitz"]
[Site "Chess.com"]
[Date "2020.07.21"]
[Round "7"]
[White "marianokar"]
[Black "Shushik"]
[Result "0-1"]
[WhiteElo "2416"]
[BlackElo "2235"]
[TimeControl "180+1"]
[EndTime "11:17:56 PDT"]
[Termination "Shushik won on time"]

1. d4 d5 2. Nf3 Nf6 3. c4 e6 4. g3 dxc4 5. Bg2 Nc6 6. O-O Rb8 7. Bg5 h6 8. Bxf6 Qxf6 9. Nc3 Be7 10. Qa4 O-O 11. Qxc4 Rd8 12. Rfd1 Bd7 13. Ne4 Qg6 14.
Nc5 Bxc5 15. Qxc5 Be8 16. e3 Rbc8 17. b4 a6 18. a4 Rd5 19. Qc3 f6 20. Nh4 Qh5 21.
Bxd5 Qxd5 22. Qc5 Qe4 23. b5 axb5 24. axb5 b6 25. Qc3 Ne7 26. Qd3 Qg4 27. f3 Qh3 28. e4 Rd8 29. Ng2 e5 30. d5 Nc8 31.
Rac1 Nd6 32. Rxc7 Bxb5 33. Qc2 Qh5 34. g4 Qh3 0-1

[Event "*** SCC Grand Prix: Titled Tuesday Blitz"]
[Site "Chess.com"]
[Date "2020.07.21"]
[Round "7"]
[White "nrvignesh"]
[Black "vpsetter"]
[Result "1-0"]
[WhiteElo "2775"]
[BlackElo "2602"]
[TimeControl "180+1"]
[EndTime "11:17:57 PDT"]
[Termination "nrvignesh won on time"]

1. d4 Nf6 2. Nf3 d5 3. c4 e6 4. Nc3 Bb4 5. Qa4+ Nc6 6. e3 Ne4 7. Qc2 O-O 8. Bd3 f5 9. O-O Ne7 10. a3 Bxc3 11. bxc3 b6 12. a4 Ba6 13. Ba3 c5 14.
Ne5 Rc8 15. f3 Nd6 16. dxc5 bxc5 17. cxd5 c4 18. Be2 Nxd5 19. Qd2 Re8 20. Qd4 Nb7 21.
Qxa7 Ra8 22. Qd4 Na5 23. Bd1 Nf6 24. Bc2 Qxd4 25. exd4 Nd5 26. Bb4 Nxb4 27. cxb4 Nb3 28. Bxb3 cxb3 29. b5 Bb7 30. a5 Bd5 31. b6 Rec8 32. a6 Rc2 33. b7 Rd8 34. Nd7 b2 35.
Rae1 Bc4 36. a7 Bxf1 37. b8=Q Rxg2+ 38. Kxf1 1-0

[Event "*** SCC Grand Prix: Titled Tuesday Blitz"]
[Site "Chess.com"]
[Date "2020.07.21"]
[Round "7"]
[White "Kezin_Roman"]
[Black "ENEASZ"]
[Result "1-0"]
[WhiteElo "2735"]
[BlackElo "2595"]
[TimeControl "180+1"]
[EndTime "11:17:57 PDT"]
[Termination "Kezin_Roman won by resignation"]

1. d4 d5 2. c4 e6 3. Nf3 Nf6 4. g3 Be7 5. Bg2 O-O 6. O-O dxc4 7. Qc2 b5 8. a4 b4 9. Nfd2 c6 10. Nxc4 Qxd4 11. Rd1 Qc5 12. Nbd2 Ba6 13. b3 Nbd7 14. Bb2 Rac8 15. Rac1 Qh5 16. Nf3 c5 17. Nfe5 Nxe5 18. Nxe5 Qxe2 19. Rd2 Qh5 20. Nc6 Rfe8 21.
Nxa7 Rcd8 22. Rxd8 Bxd8 23. Qxc5 Qe2 24. Bxf6 Bxf6 25.
Qc6 Rd8 26. Bf1 Qd2 27. Bxa6 Bd4 28. Nc8 Qxf2+ 29. Kh1 Be3 30. Rf1 Qd2 31. Qf3 Rf8 32. Ne7+ Kh8 33. Bc4 h6 34. Ng6+ fxg6 35. Qxf8+ Kh7 36. Qf3 Bc5 37. Bxe6 Qd4 38. Bc4 h5 39. Qf7 Kh6 40. Qf3 Qe5 41. Qf4+ 1-0

[Event "*** SCC Grand Prix: Titled Tuesday Blitz"]
[Site "Chess.com"]
[Date "2020.07.21"]
[Round "7"]
[White "Tooweak2slow03"]
[Black "SiddharthGMJagadeesh"]
[Result "0-1"]
[WhiteElo "2684"]
[BlackElo "2577"]
[TimeControl "180+1"]
[EndTime "11:17:58 PDT"]
[Termination "SiddharthGMJagadeesh won by resignation"]

1. e4 c6 2. Nf3 d5 3. Nc3 dxe4 4.
Nxe4 Nf6 5. Qe2 Nxe4 6. Qxe4 Be6 7. c4 Nd7 8. d4 Nf6 9. Qc2 Bg4 10. Be3 Bxf3 11. gxf3 e6 12. O-O-O Qa5 13. Kb1 O-O-O 14. Bh3 Qh5 15. Bg2 Qg6 16. Rhg1 Qxc2+ 17. Kxc2 g6 18. Rd3 Bg7 19. Rgd1 Kb8 20. f4 Rd7 21. b3 Rhd8 22.
Bh3 Bh6 23. f5 Bxe3 24. fxe6 Rxd4 25. exf7 Rxd3 26. Rxd3 Rf8 27. Rxe3 Rxf7 28. Rf3 Kc7 29. c5 Kd8 30. a4 Ke7 31. Bc8 b6 32. cxb6 axb6 33.
b4 Kd6 34. a5 bxa5 35. bxa5 Ke5 36. a6 Ra7 37. Bb7 Nd5 38. Rb3 Kd6 39. Kd3 Kc5 40. Rb1 Nb4+ 41. Kc3 Nxa6 42. Bxa6 Rxa6 43. Rb7 Ra3+ 44.
Kd2 Rh3 45. Rf7 Rxh2 46. Ke3 Rh3+ 47. f3 Rh5 48. f4 Kd6 49. Rf6+ Kd7 50. Kd4 Rf5 0-1

[Event "*** SCC Grand Prix: Titled Tuesday Blitz"]
[Site "Chess.com"]
[Date "2020.07.21"]
[Round "7"]
[White "jerry_77"]
[Black "SilviusTiberius"]
[Result "0-1"]
[WhiteElo "2368"]
[BlackElo "2507"]
[TimeControl "180+1"]
[EndTime "11:17:58 PDT"]
[Termination "SilviusTiberius won by resignation"]

1. e4 c5 2. Nf3 Nc6 3. d4 cxd4 4. Nxd4 Nf6 5. Nc3 d6 6. Bg5 e6 7. Qd2 Be7 8. O-O-O Nxd4 9. Qxd4 O-O 10. f4 Qa5 11. Kb1 h6 12. h4 e5 13. Qe3 exf4 14. Bxf4 Be6 15. Bd3 Rac8 16. Qd2 Rxc3 17. Qxc3 Qxa2+ 18. Kc1 d5 19. e5 Rc8 20. exf6 Rxc3 21. fxe7 Rc8 22.
Kd2 Qa4 23. Be5 d4 24. Ra1 Qb4+ 25. Kc1 Qxe7 26. Bxd4 Qd6 27. Bc3 b5 28. Rd1 Qf4+ 29.
Bd2 Qxh4 30. Rxa7 b4 31. Kb1 b3 32. cxb3 Qf2 33. Bc3 Qxa7 34. g4 Qf2 35. g5 Bxb3 36.
Re1 hxg5 37. Rh1 g4 38. Bh7+ Kf8 39. Bb4+ Ke8 40. Re1+ Kd8 41. Ba5+ Kd7 42. Be4 Bc2+ 43. Ka1 Bxe4 44. Rxe4 Ra8 45. b4 Qf1+ 46. Kb2 Qg2+ 47.
Re2 Qxe2+ 48. Kb3 Rxa5 49. bxa5 g3 50. Kb4 g2 51. a6 g1=Q 52. a7 Qb6+ 0-1

[Event "*** SCC Grand Prix: Titled Tuesday Blitz"]
[Site "Chess.com"]
[Date "2020.07.21"]
[Round "7"]
[White "HouseOfDurin"]
[Black "reutik"]
[Result "1/2-1/2"]
[WhiteElo "2072"]
[BlackElo "2313"]
[TimeControl "180+1"]
[EndTime "11:17:58 PDT"]
[Termination "Game drawn by agreement"]

1. d4 d5 2. Bg5 h6 3. Bh4 c5 4. c3 Qb6 5. Qc2 Nc6 6. e3 Bd7 7. dxc5 Qxc5 8. Nd2 Rc8 9. Ngf3 g5 10. Bg3 Bg7 11.
Nb3 Qb6 12. Qd2 Nf6 13. Bd3 Ne4 14. Bxe4 dxe4 15. Nfd4 Ne5 16. Bxe5 Bxe5 17. O-O Bb8 18. Rad1 Qc7 19. g3 Bh3 20. Rfe1 O-O 21. f4 exf3 22. Nxf3 Rfd8 23. Qf2 Rxd1 24. Rxd1 Rd8 25. Rxd8+ Qxd8 26. Qd2 Qxd2 27. Nbxd2 e5 28. e4 f6 29. Kf2 Kf7 30.
Nf1 Bc7 31. Ne3 Bb6 32. Ke2 Be6 33. b3 h5 34. c4 a5 35. Nd5 Bc5 36. h4 Bg4 37. Ne3 Bxf3+ 38. Kxf3 Bxe3 39. Kxe3 b6 40. a3 Ke6 41. b4 gxh4 42. gxh4 axb4 43. axb4 Kd6 44.
Kd3 Ke6 45. Ke3 f5 46. exf5+ Kxf5 47. c5 bxc5 48. bxc5 Kf6 49. Ke4 Ke6 50. c6 Kd6 51. c7 Kxc7 52. Kxe5 Kd7 53. Kf5 Ke8 54. Kg5 Kf7 55.
Kxh5 Kg7 1/2-1/2

[Event "*** SCC Grand Prix: Titled Tuesday Blitz"]
[Site "Chess.com"]
[Date "2020.07.21"]
[Round "7"]
[White "DenisQ"]
[Black "Andreikka"]
[Result "0-1"]
[WhiteElo "2628"]
[BlackElo "2889"]
[TimeControl "180+1"]
[EndTime "11:17:59 PDT"]
[Termination "Andreikka won on time"]

1. Nf3 Nc6 2. d4 d5 3. Bf4 Bf5 4. Nbd2 e6 5. e3 Nb4 6. Bb5+ c6 7. Ba4 Nf6 8. a3 Na6 9. O-O Be7 10. h3 O-O 11.
Nh4 Nc7 12. Nxf5 exf5 13. c3 Ne6 14. Bc2 Nxf4 15. exf4 g6 16. Re1 Bd6 17. g3 Kg7 18. Nf3 Qb6 19. Rb1 Rfe8 20. Ne5 c5 21. dxc5 Bxc5 22.
Nd3 Rxe1+ 23. Qxe1 Re8 24. Qf1 Bd6 25. Re1 Rc8 26.
Re2 Ne4 27. Kg2 d4 28. cxd4 Qxd4 29. Qd1 Qb6 30. Bb1 h5 31. h4 Rd8 32. Qe1 Qd4 33. Qa5 Rc8 34. Qb5 Rc7 35. Ba2 Bc5 36. Nxc5 Nxc5 37.
Qc4 Qxc4 38. Bxc4 Ne4 39. Bd5 Nd6 40. Rd2 Kf6 41. Kf3 Ke7 42. Ke3 b6 43. Kd4 Rc5 44. Re2+ Kd7 45. Bb3 a5 46. a4 Rc7 47.
Bd5 Rc1 48. Ke5 Ke7 49. Kd4+ Kf6 50. Rd2 Ra1 51. Bb3 Ne4 52. Rc2 Nc5 0-1

[Event "*** SCC Grand Prix: Titled Tuesday Blitz"]
[Site "Chess.com"]
[Date "2020.07.21"]
[Round "7"]
[White "bascheyaro"]
[Black "TigrVShlyape"]
[Result "0-1"]
[WhiteElo "2732"]
[BlackElo "2865"]
[TimeControl "180+1"]
[EndTime "11:18:02 PDT"]
[Termination "TigrVShlyape won by resignation"]

1. d4 Nf6 2. Nc3 d5 3. Bf4 Bf5 4. e3 c6 5. Nf3 e6 6. Ne5 h6 7. g4 Bh7 8. h4 Nfd7 9. Nd3 Nb6 10. g5 N8d7 11. a4 Nc4 12. b3 Qa5 13. bxc4 Qxc3+ 14. Ke2 dxc4 15. Ne1 e5 16. dxe5 Nxe5 17. Qd4 Qxd4 18.
exd4 Ng6 19. Be3 Ne7 20. Kd2 Be4 21. Bg2 Bxg2 22. Nxg2 Nd5 23. c3 h5 24. Nf4 O-O-O 25. Rhe1 Bd6 26. Ng2 Rhe8 27. Kc2 g6 28. Bd2 Rxe1 29.
Rxe1 b5 30. axb5 cxb5 31. Ne3 Nf4 32. Ra1 Kb7 33. Rb1 Kc6 34. Ra1 Kb6 35. Rb1 Kc6 36. Ra1 Rd7 37. Ra6+ Kb7 38. Ra1 a6 39. d5 Bc7 40. Rb1 Ka7 41. Re1 Kb7 42. Rb1 Nxd5 43. Nxc4 Kc6 44. Nb2 Bb6 45. Nd3 Re7 46. Rf1 a5 47. f4 Be3 48. f5 Bxd2 49. Kxd2 Ne3 50. fxg6 Nxf1+ 0-1